 Dungeon Crawl Stone Soup version 0.21.1-1-g345015f (webtiles) character file.

1281 tidbits the Insei (level 8, 54/60 HPs)
             Began as a Gnoll Transmuter on Feb 16, 2018.
             Quit the game on level 4 of the Dungeon.
             The game lasted 00:14:55 (1691 turns).

tidbits the Insei (Gnoll Transmuter)                Turns: 1691, Time: 00:14:56

Health: 54/60      AC:  3    Str: 13    XL:     8   Next: 54%
Magic:  26/26      EV: 22    Int: 17    God:
Gold:   264        SH:  5    Dex: 16    Spells: 13/19 levels left

rFire    . . .     SeeInvis .     - Unarmed
rCold    . . .     Gourm    .   D - +0 buckler
rNeg     . . .     Faith    .   B - +0 robe
rPois    .         Spirit   .   E - +0 helmet
rElec    .         Reflect  .   u - scarf {repulsion}
rCorr    .         Harm     .   (no gloves)
MR       .....     Clarity  +   (no boots)
Stlth    ++........             (no amulet)
HPRegen  0.20/turn              V - +3 ring of evasion
MPRegen  0.20/turn              k - ring of magical power

@: repel missiles
A: distributed training, fangs 1, repulsion field 2, clarity, strong nose
a: no special abilities


You were on level 4 of the Dungeon.
You were not hungry.

You visited 1 branch of the dungeon, and saw 8 of its levels.

You collected 264 gold pieces.

Inventory:

Hand Weapons
 e - a +0 dagger
 i - the +4 quarterstaff of Callousness {venom, +Blink MR+, unknown}
   (You found it on level 4 of the Dungeon)

   It poisons the flesh of those it strikes.
   It affects your resistance to hostile enchantments.
   It lets you blink.
 j - a +0 war axe
Missiles
 a - 26 arrows
 b - 5 javelins
 m - 49 stones (quivered)
Armour
 f - a +0 ring mail
 u - a scarf of repulsion (worn)
   (You found it on level 4 of the Dungeon)
 B - a +0 robe (worn)
 D - a +0 buckler (worn)
 E - a +0 helmet (worn)
Jewellery
 g - a +3 ring of dexterity
   (You found it on level 6 of the Dungeon)
 h - an uncursed ring of flight
   (You found it on level 4 of the Dungeon)
 k - a ring of magical power (right hand)
   (You found it on level 4 of the Dungeon)
 s - an uncursed ring of loudness
   (You found it on level 4 of the Dungeon)
 V - a +3 ring of evasion (left hand)
   (You found it on level 8 of the Dungeon)
 Y - a +1 ring of slaying
   (You found it on level 3 of the Dungeon)
Wands
 n - a wand of iceblast (9)
 p - a wand of paralysis (22)
 x - a wand of polymorph (7)
Scrolls
 r - 3 scrolls of remove curse
 t - a scroll of enchant weapon
 v - a scroll of fog {unknown}
 w - a scroll of random uselessness {unknown}
 y - 2 scrolls of amnesia
Potions
 l - 2 potions of flight
 q - 2 potions of heal wounds
 z - a potion of berserk rage
 A - a potion of degeneration
Books
 c - a book of Changes

   Spells                             Type                      Level
   a - Beastly Appendage              Transmutation                1
   b - Sticks to Snakes               Transmutation                2
   c - Spider Form                    Transmutation/Poison         3
   d - Ice Form                       Ice/Transmutation            4
   e - Blade Hands                    Transmutation                5
Comestibles
 d - 7 rations


   Skills:
 + Level 4.2 Fighting
 + Level 3.3 Short Blades
 + Level 3.3 Long Blades
 + Level 3.3 Axes
 + Level 3.3 Maces & Flails
 + Level 3.3 Polearms
 + Level 3.3 Staves
 + Level 3.3 Slings
 + Level 3.3 Bows
 + Level 3.3 Crossbows
 + Level 3.3 Throwing
 + Level 3.3 Armour
 + Level 5.7 Dodging
 + Level 3.3 Stealth
 + Level 3.3 Shields
 + Level 7.4 Unarmed Combat
 + Level 6.0 Spellcasting
 + Level 2.7 Conjurations
 + Level 2.7 Hexes
 + Level 2.7 Charms
 + Level 2.7 Summonings
 + Level 2.7 Necromancy
 + Level 2.7 Translocations
 + Level 4.7 Transmutations
 + Level 2.7 Fire Magic
 + Level 2.7 Ice Magic
 + Level 2.7 Air Magic
 + Level 2.7 Earth Magic
 + Level 2.7 Poison Magic
 + Level 3.6 Invocations
 + Level 3.3 Evocations


You had 13 spell levels left.
You knew the following spells:

 Your Spells              Type           Power        Failure   Level  Hunger
e - Beastly Appendage     Tmut           ###...       1%          1    None
k - Sticks to Snakes      Tmut           ###.....     3%          2    None
p - Spider Form           Tmut/Pois      ###.......   9%          3    ##.....


Dungeon Overview and Level Annotations

Branches:
Dungeon (8/15)
 Temple: D:4-7         Lair: D:8-11

Altars:
Elyvilon
Gozag
Hepliaklqana
Qazlal
Trog
Xom

Shops:
D:4 (


Innate Abilities, Weirdness & Mutations

Your experience applies equally to all skills.
You have very sharp teeth.
Your uncanny sense of smell can sniff out nearby items.
You are surrounded by a moderate repulsion field. (EV +3)
You possess an exceptional clarity of mind.


Message History

The worker ant closely misses you.
Your ball python bites the worker ant but does no damage.
Your ball python constricts the worker ant.
You bite the worker ant!
The worker ant looks as sick as possible!
The worker ant is almost dead.
You kill the worker ant!
Your transformation has ended.
Your scarf of repulsion unmelds from your body.
Your +0 helmet unmelds from your body.
Your +0 buckler unmelds from your body.
Your +0 robe unmelds from your body.
You are surrounded by a repulsion field.
There is a stone staircase leading up here.
You climb upwards.
Your summoned ally is left behind.
There is a stone staircase leading down here.
Unknown command.
Found an ancient quarterstaff.
You open the door.
You see here an ancient quarterstaff.
i - an ancient quarterstaff You open the door.
There is an open door here.
Wield which item (- for none, * to show all)? (? for menu, Esc to quit)
You can't wield that with a shield.
Unknown command.
Found Ikola's Antique Weapon Shoppe.
A worker ant comes into view.
The worker ant twitches its antennae in your direction.
You open the door.
A giant cockroach comes into view.
There is an open door here.
Casting: Sticks to Snakes
Confirm with . or Enter, or press ? or * to list all spells.
You turn into a venomous arachnid creature.
Your scarf of repulsion melds into your body.
Your +0 helmet melds into your body.
Your +0 buckler melds into your body.
Your +0 robe melds into your body.
The haze of the repulsion field disappears.
The worker ant completely misses you.
You hit the worker ant.
The worker ant is poisoned.
The worker ant is moderately wounded.
The worker ant barely misses you.
You bite the worker ant!
You kill the worker ant!
The giant cockroach completely misses you.
You bite the giant cockroach!
You kill the giant cockroach!
You see here a worker ant corpse.
There is an entrance to Ikola's Antique Weapon Shoppe here.
You enter the shallow water.
Moving in this stuff is going to be slow.
You see here a worker ant corpse.
You open the door.
There is an open door here.
Found 7 gold pieces. 2 orcs come into view.
An orc wizard comes into view. It is wielding a dagger.
The orc shouts!
An orc comes into view. It is wielding a hand axe.
Your transformation is almost over.
Found 15 stones and a ring mail.
The orc wizard shouts!
The orc shouts! x2
Unknown command.
You bite the orc!
You kill the orc!
The orc wizard closely misses you. The orc barely misses you.
You hit the orc wizard.
The orc wizard is poisoned.
The orc wizard is lightly wounded.
The orc wizard casts a spell.
The orc wizard blinks!
The orc completely misses you.
You hit the orc.
The orc is poisoned.
The orc is severely wounded.
The orc misses you.
You hit the orc but do no damage.
The orc is poisoned.
The orc misses you.
The orc wizard mumbles some strange words.
The orc wizard seems to speed up.
You bite the orc!
You kill the orc!
The orc closely misses you.
You hit the orc.
You kill the orc!
The orc wizard completely misses you. The orc wizard misses you.
Things that are here:
a club; a leather armour; an orc corpse You hit the orc wizard but do no damage.
The orc wizard looks even sicker.
The orc wizard is moderately wounded.
The orc wizard mumbles some strange words.
The orc wizard blinks!
Your transformation has ended.
Your scarf of repulsion unmelds from your body.
Your +0 helmet unmelds from your body.
Your +0 buckler unmelds from your body.
Your +0 robe unmelds from your body.
You are surrounded by a repulsion field.
The orc wizard gestures at you while chanting.
The magic dart hits you!
Items here: )) [[ ††
Things that are here:
a club; a leather armour; an orc corpse Are you sure you want to abandon this character and quit the game? (Confirm with "yes".)

..≈≈≈.........#
##.......###
.≈≈≈≈≈.######.#.#
#.......... #≈≈∩≈≈.#
.#.# ######.....
#≈≈.≈≈'######.#.#######
#.....
#.≈.≈†........#.......#
#.....
.........######..$....#
#.....
.........'............#
#.....
.........####.........#
#.....
.........####..)@.....#
###...
.........##.(.........#
#...
....#######...........#
#... ....#
#........#### #### ....
#[....o.... ..
#...........#
#...........#
###.........#
###########


You could see an orc wizard.

Vanquished Creatures
  An ice beast (D:5)
  A sky beast (D:6)
  A necrophage (D:6)
  2 ogres
  A centaur (D:6)
  2 bullfrogs (D:6)
  Blork the orc (D:4)
  A water moccasin zombie (D:7)
  2 scorpions (D:6)
  A howler monkey (D:6)
  3 crimson imps
  2 bullfrog zombies
  A jelly (D:6)
  A hound (D:4)
  A bullfrog skeleton (D:5)
  4 worker ants
  A killer bee zombie (D:5)
  2 adders (D:7)
  4 gnolls (D:6)
  An adder skeleton (D:7)
  A leopard gecko (D:6)
  7 orcs
  3 giant cockroaches
  2 goblins
  A kobold (D:1)
  A quokka (D:5)
  A bat (D:2)
  2 frilled lizards (D:1)
  A quokka zombie (D:6)
  A rat (D:2)
53 creatures vanquished.

Vanquished Creatures (collateral kills)
  A quokka (D:5)
1 creature vanquished.

Grand Total: 54 creatures vanquished

Notes
Turn   | Place    | Note
-------+----------+-------------------------------------------
     0 | D:1      | tidbits the Gnoll Transmuter began the quest for the Orb.
     0 | D:1      | Reached XP level 1. HP: 17/17 MP: 6/6
   165 | D:1      | Reached XP level 2. HP: 21/23 MP: 5/7
   169 | D:1      | Learned a level 2 spell: Sticks to Snakes
   215 | D:2      | Found a stormy altar of Qazlal.
   456 | D:5      | Entered Level 5 of the Dungeon
   456 | D:5      | Noticed a crimson imp
   462 | D:5      | Killed a crimson imp
   462 | D:5      | Reached skill level 5 in Spellcasting
   462 | D:5      | Reached skill level 1 in Invocations
   462 | D:5      | Reached XP level 3. HP: 24/28 MP: 4/9
   469 | D:5      | Learned a level 3 spell: Spider Form
   474 | D:6      | Noticed a bullfrog
   474 | D:6      | Noticed a sky beast
   481 | D:6      | Killed a bullfrog
   481 | D:6      | Reached skill level 1 in Short Blades
   481 | D:6      | Reached skill level 1 in Long Blades
   481 | D:6      | Reached skill level 1 in Axes
   481 | D:6      | Reached skill level 1 in Maces & Flails
   481 | D:6      | Reached skill level 1 in Polearms
   481 | D:6      | Reached skill level 1 in Staves
   481 | D:6      | Reached skill level 1 in Slings
   481 | D:6      | Reached skill level 1 in Bows
   481 | D:6      | Reached skill level 1 in Crossbows
   481 | D:6      | Reached skill level 1 in Throwing
   481 | D:6      | Reached skill level 1 in Armour
   481 | D:6      | Reached skill level 1 in Stealth
   481 | D:6      | Reached skill level 1 in Shields
   481 | D:6      | Reached skill level 1 in Conjurations
   481 | D:6      | Reached skill level 1 in Hexes
   481 | D:6      | Reached skill level 1 in Charms
   481 | D:6      | Reached skill level 1 in Summonings
   481 | D:6      | Reached skill level 1 in Necromancy
   481 | D:6      | Reached skill level 1 in Translocations
   481 | D:6      | Reached skill level 1 in Fire Magic
   481 | D:6      | Reached skill level 1 in Ice Magic
   481 | D:6      | Reached skill level 1 in Air Magic
   481 | D:6      | Reached skill level 1 in Earth Magic
   481 | D:6      | Reached skill level 1 in Poison Magic
   481 | D:6      | Reached skill level 1 in Evocations
   481 | D:6      | Reached XP level 4. HP: 31/34 MP: 1/11
   487 | D:6      | HP: 3/34 [sky beast (5)]
   494 | D:6      | HP: 3/34 [crimson imp (1)]
   495 | D:6      | Killed a sky beast
   495 | D:6      | Reached skill level 3 in Fighting
   495 | D:6      | Reached skill level 4 in Transmutations
   495 | D:6      | Reached XP level 5. HP: 4/41 MP: 3/12
   503 | D:6      | Reached XP level 6. HP: 42/47 MP: 2/13
   546 | D:5      | Found a white marble altar of Elyvilon.
   546 | D:5      | Noticed an ice beast
   552 | D:5      | Reached skill level 5 in Dodging
   552 | D:5      | Reached skill level 2 in Invocations
   557 | D:5      | Killed an ice beast
   557 | D:5      | Reached skill level 2 in Short Blades
   557 | D:5      | Reached skill level 2 in Long Blades
   557 | D:5      | Reached skill level 2 in Axes
   557 | D:5      | Reached skill level 2 in Maces & Flails
   557 | D:5      | Reached skill level 2 in Polearms
   557 | D:5      | Reached skill level 2 in Staves
   557 | D:5      | Reached skill level 2 in Slings
   557 | D:5      | Reached skill level 2 in Bows
   557 | D:5      | Reached skill level 2 in Crossbows
   557 | D:5      | Reached skill level 2 in Throwing
   557 | D:5      | Reached skill level 2 in Armour
   557 | D:5      | Reached skill level 2 in Stealth
   557 | D:5      | Reached skill level 2 in Shields
   557 | D:5      | Reached skill level 2 in Evocations
   563 | D:4      | Noticed Blork the orc
   567 | D:4      | Killed Blork the orc
   567 | D:4      | Reached XP level 7. HP: 41/52 MP: 2/15
   748 | D:5      | Reached skill level 7 in Unarmed Combat
   843 | D:6      | Gained mutation: You possess an exceptional clarity of mind. [potion of mutation]
   843 | D:6      | Gained mutation: You are surrounded by a mild repulsion field. (EV +2) [potion of mutation]
   843 | D:6      | Gained mutation: You are surrounded by a moderate repulsion field. (EV +3) [potion of mutation]
   867 | D:6      | Reached skill level 2 in Conjurations
   867 | D:6      | Reached skill level 2 in Hexes
   867 | D:6      | Reached skill level 2 in Charms
   867 | D:6      | Reached skill level 2 in Summonings
   867 | D:6      | Reached skill level 2 in Necromancy
   867 | D:6      | Reached skill level 2 in Translocations
   867 | D:6      | Reached skill level 2 in Fire Magic
   867 | D:6      | Reached skill level 2 in Ice Magic
   867 | D:6      | Reached skill level 2 in Air Magic
   867 | D:6      | Reached skill level 2 in Earth Magic
   867 | D:6      | Reached skill level 2 in Poison Magic
   940 | D:6      | Found a bloodstained altar of Trog.
   964 | D:7      | Reached skill level 3 in Invocations
  1051 | D:7      | Found a shimmering altar of Xom.
  1051 | D:7      | Found an opulent altar of Gozag.
  1097 | D:7      | Reached XP level 8. HP: 37/60 MP: 16/16
  1135 | D:8      | Found a hazy altar of Hepliaklqana.
  1186 | D:7      | Reached skill level 4 in Fighting
  1236 | D:6      | Reached skill level 3 in Short Blades
  1236 | D:6      | Reached skill level 3 in Long Blades
  1236 | D:6      | Reached skill level 3 in Axes
  1236 | D:6      | Reached skill level 3 in Maces & Flails
  1236 | D:6      | Reached skill level 3 in Polearms
  1236 | D:6      | Reached skill level 3 in Staves
  1236 | D:6      | Reached skill level 3 in Slings
  1236 | D:6      | Reached skill level 3 in Bows
  1236 | D:6      | Reached skill level 3 in Crossbows
  1236 | D:6      | Reached skill level 3 in Throwing
  1236 | D:6      | Reached skill level 3 in Armour
  1236 | D:6      | Reached skill level 3 in Stealth
  1236 | D:6      | Reached skill level 3 in Shields
  1236 | D:6      | Reached skill level 3 in Evocations
  1271 | D:6      | Reached skill level 6 in Spellcasting
  1613 | D:4      | Got an ancient quarterstaff
  1651 | D:4      | Found Ikola's Antique Weapon Shoppe.
  1691 | D:4      | Quit the game

Skill      XL: |  1  2  3  4  5  6  7  8 |
---------------+-------------------------+-----
Spellcasting   | 5 6 |  6.0
Invocations    | 1 2 3 |  3.6
Short Blades   | 1 2 3 |  3.3
Long Blades    | 1 2 3 |  3.3
Axes           | 1 2 3 |  3.3
Maces & Flails | 1 2 3 |  3.3
Polearms       | 1 2 3 |  3.3
Staves         | 1 2 3 |  3.3
Slings         | 1 2 3 |  3.3
Bows           | 1 2 3 |  3.3
Crossbows      | 1 2 3 |  3.3
Throwing       | 1 2 3 |  3.3
Armour         | 1 2 3 |  3.3
Stealth        | 1 2 3 |  3.3
Shields        | 1 2 3 |  3.3
Conjurations   | 1 2 |  2.7
Hexes          | 1 2 |  2.7
Charms         | 1 2 |  2.7
Summonings     | 1 2 |  2.7
Necromancy     | 1 2 |  2.7
Translocations | 1 2 |  2.7
Fire Magic     | 1 2 |  2.7
Ice Magic      | 1 2 |  2.7
Air Magic      | 1 2 |  2.7
Earth Magic    | 1 2 |  2.7
Poison Magic   | 1 2 |  2.7
Evocations     | 1 2 3 |  3.3
Fighting       | 3 4 |  4.2
Transmutations | 4 |  4.7
Dodging        | 5 |  5.7
Unarmed Combat | 7 |  7.4

Action                   |  1- 3 |  4- 6 |  7- 9 || total
-------------------------+-------+-------+-------++-------
Melee: Unarmed           |    32 |    24 |   103 ||   159
       Kick              |     2 |       |     2 ||     4
       Headbutt          |     4 |       |     1 ||     5
       Bite              |     1 |       |     3 ||     4
 Cast: Beastly Appendage |     8 |       |     2 ||    10
       Sticks to Snakes  |     2 |     2 |    14 ||    18
       Spider Form       |     1 |     2 |    14 ||    17
Evoke: Wand              |       |       |     1 ||     1
  Use: Potion            |       |     2 |     2 ||     4
       Scroll            |       |     1 |    13 ||    14
 Stab: Paralysed         |       |       |     4 ||     4
       Distracted        |       |       |     2 ||     2
       Sleeping          |       |       |     1 ||     1
  Eat: Ration            |       |       |     1 ||     1
Armor: Robe              |     2 |       |     2 ||     4
       Skin              |       |       |     2 ||     2
Dodge: Dodged            |    23 |    20 |    89 ||   132
Block: Buckler           |       |       |     2 ||     2

Table legend:
 A = Turns spent in this place as a percentage of turns spent in the entire game.
 B = Non-inter-level travel turns spent in this place as a percentage of non-inter-level travel turns spent in the entire game.
 C = Inter-level travel turns spent in this place as a percentage of turns spent in this place.
 D = Turns resting spent in this place as a percentage of non-inter-level travel turns spent in this place.
 E = Turns spent auto-exploring this place as a percentage of non-inter-level travel turns spent in this place.
 F = Non-inter-level travel turns spent in this place divided by the number of levels of this place that you've seen.
                   A       B       C       D       E      F
               +-------+-------+-------+-------+-------+----------------------
         Total | 100.0 | 100.0 |   2.1 |   0.0 |   0.0 | 206.9
       Dungeon | 100.0 | 100.0 |   2.1 |   0.0 |   0.0 | 206.9
               +-------+-------+-------+-------+-------+----------------------

Table legend:
 A = Kills in this place as a percentage of kills in entire the game.
 B = Kills by you in this place as a percentage of kills by you in the entire game.
 C = Kills by friends in this place as a percentage of kills by friends in the entire game.
 D = Other kills in this place as a percentage of other kills in the entire game.
 E = Experience gained in this place as a percentage of experience gained in the entire game.
 F = Experience gained in this place divided by the number of levels of this place that you have seen.
                   A       B       C       D       E      F
               +-------+-------+-------+-------+-------+----------------------
         Total | 100.0 | 100.0 | 100.0 |   N/A | 100.0 | 228.9
       Dungeon | 100.0 | 100.0 | 100.0 |   N/A | 100.0 | 228.9
               +-------+-------+-------+-------+-------+----------------------

Vault maps used:
D:1:      dpeg_arrival_round_c, minmay_misc_feat_plants
D:2:      nicolae_qazlal_eye_of_the_storm
D:3:      amethyst_killhole
D:4:      serial_shops, nicolae_shop_waterfront, first_ration,
          uniq_blork_the_orc
D:5:      nicolae_overflow_crystal_walls, lemuel_temple_firewalk_b,
          serial_shops, nicolae_shop_crystal
D:6:      trog_three_pillars_becter
D:7:      gammafunk_temple_overflow_elements
D:8:      lemuel_crystal_altar, lemuel_crystal_altar, lemuel_round_altar,
          dpeg_lair_monsters
